 Dungeon Crawl Stone Soup version 0.28-a0-1447-ga5a8893891 (webtiles) character file.

Game seed: 16392021826250442591

151 HallandMoats the Skirmisher (level 5, -3/34 HPs)
             Began as a Gargoyle Fighter on Jan 12, 2022.
             Slain by a white imp (5 damage)
             ... on level 3 of the Dungeon.
             The game lasted 00:02:02 (1921 turns).

HallandMoats the Skirmisher (Gargoyle Fighter)      Turns: 1921, Time: 00:02:04

Health: -3/34      AC: 14    Str: 21    XL:     5   Next: 33%
Magic:  1/1        EV:  9    Int:  9    God:
Gold:   124        SH:  4    Dex:  9    Spells: 4/4 levels left

rFire   . . .      SeeInvis .   g - +2 whip (antimagic)
rCold   . . .      Faith    .   c - +0 buckler
rNeg    + . .      Spirit   .   b - +0 scale mail
rPois   ∞          Reflect  .   m - +2 helmet "Kass" {Fly rPois}
rElec   +          Harm     .   (no cloak)
rCorr   .          Rampage  .   (no gloves)
Will    .....                   (no boots)
Stlth   ..........              (no amulet)
HPRegen 0.11/turn               (no ring)
MPRegen 0.07/turn               (no ring)

@: flying
A: sickness immunity, AC +4, negative energy resistance 1, electricity
resistance, torment resistance 1, petrification resistance
a: no special abilities


You were on level 3 of the Dungeon.
You visited 1 branch of the dungeon, and saw 3 of its levels.

You collected 124 gold pieces.

Inventory:

Hand Weapons
 a - a +0 war axe
 g - a +2 antimagic whip (weapon)
Armour
 b - a +0 scale mail (worn)
 c - a +0 buckler (worn)
 m - the +2 helmet "Kass" (worn) {Fly rPois}
   (You took it off Robin on level 2 of the Dungeon)

   rPois:     It protects you from poison.
   Fly:       It grants you flight.
Wands
 l - a wand of flame (5)
Scrolls
 e - 2 scrolls of blinking {unknown}
 h - a scroll of enchant armour {unknown}
 i - a scroll of fog {unknown}
 k - a scroll of identify {unknown}
Potions
 d - 2 potions of might
 f - 2 potions of curing {unknown}
 j - 2 potions of cancellation {unknown}


   Skills:
 * Level 4.3 Fighting
 * Level 3.1 Axes
 + Level 3.8 Armour
 + Level 1.3 Dodging
 + Level 3.7 Shields


You had 4 spell levels left.
You didn't know any spells.
Your spell library was empty.

Dungeon Overview and Level Annotations

Branches:
Dungeon (3/15)

Altars:
Xom


Innate Abilities, Weirdness & Mutations

You are immune to sickness and miasma.
Your stone body is resilient. (AC +4)
You are immune to poison.
You resist negative energy. (rN+)
You are resistant to electric shocks. (rElec)
You are resistant to unholy torment.
You are immune to petrification.


Message History

A white imp is nearby!
You are too injured to fight recklessly!
You are too injured to fight recklessly!
You are too injured to fight recklessly!
You are too injured to fight recklessly!
You hit the white imp but do no damage. The white imp gestures at you.
The puff of frost hits you but does no damage.
The white imp gestures at you. The puff of frost hits you.
You barely miss the white imp. The white imp gestures at you.
The puff of frost hits you!
* * * LOW HITPOINT WARNING * * *
You hit the white imp.
The white imp's magic leaks into the air.
The white imp is heavily wounded.
You block the white imp's attack.
You closely miss the white imp.
The white imp is heavily wounded.
The white imp barely misses you.
You hit the white imp but do no damage.
The white imp is heavily wounded.
The white imp's magic is no longer disrupted.
The white imp barely misses you.
You closely miss the white imp.
The white imp is heavily wounded.
The white imp gestures at you.
The puff of frost hits you but does no damage.
You hit the white imp.
The white imp's magic leaks into the air.
The white imp is severely wounded.
The white imp hits you but does no damage.
You hit the white imp.
The white imp's magic leaks into the air.
The white imp is almost dead.
The white imp hits you.
* * * LOW HITPOINT WARNING * * *
The white imp freezes you.
You die...

#.......# #..#
#......)# #..#
#.....†.###..#
#............#
######'####.###
#.†.......#
#####.#####.#.#
#!.......?#.#.##..
#(#.#@#.#[#.#.##.###
#...5...##.#.##.#.. #
###.#.###..#.##.#.#.#
.. .. #.##.##.#.#.#
#.# #.##....##.#<..#
## ###.......#.#.#
#............
#..≈≈≈≈≈≈≈≈≈.
#..≈.......≈.


You could see a white imp (magic disrupted).

Vanquished Creatures
  Jessica (D:2)
  Robin (D:2)
  4 adders (D:2)
  2 worms
  2 orcs
  4 endoplasms
  2 giant cockroaches (D:1)
  14 goblins (D:2)
  6 hobgoblins
  6 jackals (D:2)
  7 kobolds
  4 quokkas
  5 bats
  3 frilled lizards (D:3)
  4 rats (D:1)
65 creatures vanquished.

Vanquished Creatures (others)
  13 plants (D:2)
13 creatures vanquished.

Grand Total: 78 creatures vanquished

Notes
Turn   | Place    | Note
-------+----------+-------------------------------------------
     0 | D:1      | HallandMoats the Gargoyle Fighter began the quest for the
                  | Orb.
     0 | D:1      | Reached XP level 1. HP: 14/14 MP: 1/1
   184 | D:1      | Reached XP level 2. HP: 19/19 MP: 2/2
   779 | D:2      | Reached XP level 3. HP: 20/24 MP: 1/3
  1041 | D:2      | Reached XP level 4. HP: 26/29 MP: 1/4
  1074 | D:2      | Reached skill level 4 in Fighting
  1245 | D:2      | Noticed Jessica
  1256 | D:2      | Killed Jessica
  1257 | D:2      | Reached skill level 1 in Dodging
  1287 | D:2      | Identified the +2 helmet "Kass" {Fly rPois}
  1287 | D:2      | Noticed Robin
  1305 | D:2      | Killed Robin
  1306 | D:2      | Reached XP level 5. HP: 22/33 MP: 1/5
  1525 | D:2      | Found a faded altar of an unknown god.
  1817 | D:3      | Found a shimmering altar of Xom.
  1921 | D:3      | Slain by a white imp

Illustrated notes

Levels and vault maps discovered:
D:1:      matt_arrival_grand_opening, layout_basic, dk_noncrumbling_3,
          minmay_split_cup_small
D:2:      layout_loops_ring, hellmonk_ecumenical_altar_leap_of_faith,
          serial_bayou_pond_c, minmay_pentomino_x2, uniq_robin, uniq_jessica
D:3:      minmay_spotlight, layout_basic, mainiacjoe_overflow_brackets,
          minmay_joined_circles

Skill      XL: |  1  2  3  4  5 |
---------------+----------------+-----
Axes           | 2 3 |  3.1
Fighting       | 4 |  4.3
Dodging        | 1 |  1.3
Armour         | |  3.8
Shields        | |  3.7

Action                   |  1- 3 |  4- 6 || total
-------------------------+-------+-------++-------
Melee: War axe           |    17 |       ||    17
       Whip              |    82 |   111 ||   193
Armor: Scale mail        |    49 |    39 ||    88
Dodge: Dodged            |    57 |    21 ||    78
Block: Buckler           |    21 |    15 ||    36

Table legend: (Time is in decaauts)
 A = Elapsed time spent in this place.
 B = Non-inter-level travel time spent in this place.
 C = Inter-level travel time spent in this place.
 D = Time resting spent in this place.
 E = Time spent auto-exploring this place.
 F = Levels seen in this place.
 G = Mean time per level.
                   A        B        C        D        E       F      G
               +--------+--------+--------+--------+--------+-----+--------+
         Total |   1938 |   1910 |     28 |      0 |   1493 |   3 |  646.0 |
       Dungeon |   1938 |   1910 |     28 |      0 |   1493 |   3 |  646.0 |
               +--------+--------+--------+--------+--------+-----+--------+

Top non-repeatable levels by time:
     D:2: 1057 daAuts
     D:1: 770 daAuts
     D:3: 111 daAuts
